AoeStats
← 哇靠差一枪

Arena

509589302Analyzed
4v4 RM · 1mo ago on Sep 27, 2026· 62m 15s· 8 players
Game mode
Random Map
Map size
Large (8 player)
Population
200
Speed
Normal
Resources
Standard
Victory
Conquest
Starting age
Dark Age
Ending age
Imperial Age
RankedLock teamsTeams togetherTeam positionsShared explorationLock speedFull tech treeHidden civsTurbo modeCheats
Victory
Defeat
🇳🇱 Saracens · Netherlands
1044
+12
🇦🇷 Franks · Argentina
1040
+12
🇮🇪 Ethiopians · Ireland
1039
+12
🇨🇳 Varangians · China
881
+26
vs
🇫🇷 Franks · France
973
-15
🇨🇳 Teutons · China
951
-14
🇮🇳 Italians · India
951
-14
🇨🇳 Poles · China
941
-13
iamlegolas312
0:44 Loom
12:01 Feudal Age
12:29 Double-Bit Axe
12:37 Gold Mining
14:11 Stone Mining
14:13 Horse Collar
16:55 Stone Mining
22:44 Castle Age
27:14 Imperial Age
25:50 Treadmill Crane
26:13 Heavy Plow
26:27 Bow Saw
30:32 Silk Road
32:46 Imperial Age
31:32 Stone Shaft Mining
31:35 Town Watch
34:14 Fletching
34:24 Padded Archer Armor
37:24 Wheelbarrow
39:02 Hand Cart
39:37 Conscription
39:34 Leather Archer Armor
39:59 Bodkin Arrow
40:17 Caravan
41:36 Two-Man Saw
41:23 Bracer
42:04 Ring Archer Armor
42:19 Ballistics
43:05 Chemistry
42:24 Thumb Ring
43:18 Murder Holes
44:05 Crop Rotation
43:49 Squires
44:30 Elite Genoese Crossbowman
48:23 Forging
48:21 Scale Barding Armor
50:18 Iron Casting
50:58 Bloodlines
50:10 Light Cavalry
51:15 Chain Barding Armor
53:20 Hussar
小叶最酷
11:08 Feudal Age
11:31 Horse Collar
16:02 Castle Age
14:15 Double-Bit Axe
15:06 Gold Mining
15:07 Stone Mining
15:17 Loom
16:07 Town Watch
19:10 Bow Saw
21:11 Heavy Plow
26:41 Forging
27:21 Szlachta Privileges
31:45 Iron Casting
31:16 Scale Barding Armor
34:19 Imperial Age
31:56 Scale Mail Armor
32:37 Stone Shaft Mining
33:09 Bloodlines
33:00 Husbandry
32:23 Light Cavalry
35:28 Winged Hussar
35:38 Capped Ram
38:40 Blast Furnace
39:06 Conscription
39:58 Wheelbarrow
40:28 Lechitic Legacy
40:07 Cavalier
41:13 Chain Mail Armor
41:19 Siege Ram
43:44 Fletching
44:16 Chain Barding Armor
44:27 Plate Mail Armor
44:38 Hand Cart
44:24 Town Patrol
44:34 Elite Obuch
48:14 Onager
49:41 Hoardings
50:40 Bodkin Arrow
50:46 Padded Archer Armor
51:28 Crop Rotation
52:04 Chemistry
51:15 Masonry
PoacherCrooks
0:34 Loom
11:27 Feudal Age
17:16 Castle Age
15:53 Double-Bit Axe
16:56 Stone Mining
17:02 Gold Mining
18:59 Bow Saw
21:04 Wheelbarrow
24:59 Hand Cart
24:35 Town Watch
31:14 Imperial Age
28:45 Town Patrol
29:34 Murder Holes
29:50 Fortified Wall
29:20 Treadmill Crane
30:25 Murder Holes
30:52 Pikeman
31:32 Squires
32:41 Halberdier
42:28 Gold Shaft Mining
46:30 Onager
哇靠差一枪
10:25 Feudal Age
11:01 Double-Bit Axe
15:42 Castle Age
19:07 Horse Collar
20:33 Bow Saw
21:52 Heavy Plow
25:54 Forging
26:27 Wheelbarrow
28:35 Imperial Age
26:07 Loom
26:18 Stone Mining
26:20 Gold Mining
26:35 Scale Mail Armor
28:10 Scale Barding Armor
29:22 Ballistics
29:38 Chain Barding Armor
29:54 Iron Casting
29:33 Bloodlines
29:37 Town Watch
30:09 Hand Cart
30:39 Stone Shaft Mining
29:44 Cavalier
30:52 Conscription
30:37 Elite Skirmisher
31:34 Town Patrol
32:47 Blast Furnace
32:57 Plate Barding Armor
36:34 Paladin
38:08 Chain Mail Armor
37:58 Padded Archer Armor
37:49 Fletching
39:12 Squires
38:57 Gambesons
38:58 Arson
38:35 Man-at-Arms
39:14 Bodkin Arrow
39:34 Leather Archer Armor
40:19 Pikeman
41:56 Halberdier
43:50 Chemistry
43:10 Crossbowman
44:55 Chain Mail Armor
Ryn
10:47 Feudal Age
15:02 Castle Age
13:11 Double-Bit Axe
15:30 Loom
17:47 Bow Saw
19:58 Wheelbarrow
24:57 Hand Cart
25:52 Gold Mining
26:43 Husbandry
29:08 Scale Barding Armor
29:14 Forging
32:39 Imperial Age
32:21 Ballistics
31:42 Treadmill Crane
33:28 Chain Barding Armor
33:44 Iron Casting
33:08 Stone Mining
33:00 Cavalier
35:08 Conscription
34:49 Chivalry
36:02 Plate Barding Armor
36:28 Blast Furnace
37:39 Town Watch
38:18 Paladin
42:10 Hoardings
41:42 Fletching
50:38 Cranequins
50:40 Heavy Mounted Crossbowman
51:30 Bodkin Arrow
51:36 Padded Archer Armor
58:41 Town Patrol
58:08 Elite Throwing Axeman
58:09 Ordonnance Companies
59:52 Chemistry
58:38 Arrowslits
58:49 Murder Holes
59:00 Siege Engineers
59:01 Siphons
58:47 Guard Tower
59:07 Fortified Wall
59:08 Clinker Construction
59:09 Careening
59:10 Masonry
62:07 Gold Shaft Mining
62:16 Spies/Treason
q721372930
12:56 Feudal Age
14:27 Loom
16:58 Castle Age
15:33 Stone Mining
15:29 Double-Bit Axe
15:46 Loom
17:00 Horse Collar
21:24 Gold Mining
23:46 Scale Mail Armor
26:58 Chain Mail Armor
32:18 Bow Saw
32:29 Heavy Plow
33:14 Wheelbarrow
35:27 Gold Shaft Mining
35:28 Stone Shaft Mining
38:39 Imperial Age
39:13 Hand Cart
39:17 Fortified Wall
39:21 Torsion Engines
39:41 Conscription
40:40 Two-Man Saw
41:13 Plate Mail Armor
40:35 Fletching
41:09 Ballistics
41:50 Chemistry
41:17 Heavy Scorpion
42:09 Forging
42:02 Squires
41:48 Arson
42:13 Halberdier
45:11 Iron Casting
48:11 Blast Furnace
49:02 Siege Engineers
49:08 Masonry
55:23 Spies/Treason
56:47 Onager
60:23 Siege Onager
Bubbles118
11:28 Feudal Age
15:09 Castle Age
13:03 Double-Bit Axe
13:00 Horse Collar
16:12 Bow Saw
16:39 Wheelbarrow
21:48 Gold Mining
22:21 Loom
26:45 Imperial Age
25:55 Scale Barding Armor
26:01 Forging
25:42 Fletching
26:16 Stone Mining
27:08 Gold Shaft Mining
27:01 Capped Ram
29:01 Conscription
29:19 Hand Cart
31:22 Chain Barding Armor
30:39 Elite Mameluke
32:43 Iron Casting
32:12 Heavy Plow
33:14 Two-Man Saw
33:59 Plate Barding Armor
36:30 Blast Furnace
35:27 Bodkin Arrow
37:17 Hoardings
38:45 Husbandry
38:57 Bloodlines
44:29 Onager
48:04 Counterweights
有福之人
10:13 Feudal Age
15:07 Castle Age
13:58 Double-Bit Axe
13:56 Horse Collar
18:28 Stone Mining
18:51 Bow Saw
21:29 Heavy Plow
23:58 Wheelbarrow
26:19 Squires
26:05 Gambesons
26:33 Gold Mining
28:52 Forging
28:43 Scale Mail Armor
32:23 Imperial Age
30:11 Hand Cart
29:42 Loom
29:42 Town Watch
30:44 Stone Shaft Mining
31:24 Iron Casting
32:23 Chain Mail Armor
35:44 Blast Furnace
35:15 Plate Mail Armor
35:44 Elite Varangian Guard
37:46 Two-Man Saw
41:24 Gothikon
42:29 Caravan
45:45 Chemistry
45:05 Ballistics
44:27 Treadmill Crane
44:58 Masonry
52:29 Crop Rotation
52:36 Coinage
52:16 Guilds
52:51 Architecture
58:20 Elite Jarl
58:21 Vendel Legacy
59:10 Spies/Treason
Connection lost

Rejoining the realm…

Still unreachable

The connection could not be restored.

Session expired

The server has moved on; the page needs a fresh start.